[Event "Eurasia Open Cup 2019"]
[Site "Ekaterinburg"]
[Date "2019.08.07"]
[Round "7.31"]
[White "Chekletsov, Ilya"]
[Black "Larichev, Dmitry"]
[Result "1-0"]
[ECO "E01"]
[WhiteElo "2374"]
[BlackElo "2225"]
[Annotator "NA"]
[PlyCount "98"]
[EventDate "2019.07.31"]
[EventType "swiss"]
[EventCountry "RUS"]
[SourceTitle "playchess.com"]
[Source "ChessBase"]
[SourceQuality "1"]
[TimeControl "5400+30"]

1. d4 Nf6 2. c4 e6 3. g3 d5 4. Bg2 b6 5. cxd5 exd5 6. Nf3 Be7 7. Qa4+ Bd7 8. Qc2 O-O 9. O-O c5 10. b3 Nc6 11. Bb2 Rc8 12. dxc5 bxc5 13. Nbd2 Nb4 14. Qd1 c4 15. a3 c3 16. Bxc3 Rxc3 17. axb4 Qb6 18. Ne5 Bb5 19. Nb1 Rcc8 20. Na3 Bxb4 21. Nxb5 Qxb5 22. Rxa7 Bc3 23. Nd3 Ne4 24. Nf4 Nd2 25. Nxd5 Nxf1 26. Ne7+ Kh8 27. Nxc8 Nd2 28. Nd6 Qc5 29. Rd7 Kg8 30. Ne4 Nxe4 31. Bxe4 g6 32. Qd3 Be1 33. Qf3 Qc3 34. Qxc3 Bxc3 35. Bd5 Kg7 36. h4 Kf6 37. Kg2 h6 38. Kf3 Bb4 39. e4 Be7 40. Bc4 Re8 41. e5+ Kg7 42. Ke4 Kf8 43. f4 Ra8 44. g4 Ra1 45. f5 Re1+ 46. Kf4 g5+ 47. Kf3 Ke8 48. Bb5 Kf8 49. f6 Ke8 1-0

[Event "Eurasia Open Cup 2019"]
[Site "Ekaterinburg"]
[Date "2019.08.07"]
[Round "7.32"]
[White "Chigaeva, Anastasia"]
[Black "Tunik, Gennady"]
[Result "0-1"]
[ECO "E15"]
[WhiteElo "2193"]
[BlackElo "2371"]
[Annotator "NA"]
[PlyCount "110"]
[EventDate "2019.07.31"]
[EventType "swiss"]
[EventCountry "RUS"]
[SourceTitle "playchess.com"]
[Source "ChessBase"]
[SourceQuality "1"]
[TimeControl "5400+30"]

1. d4 Nf6 2. c4 e6 3. Nf3 b6 4. g3 Ba6 5. Qa4 Bb7 6. Bg2 c5 7. dxc5 Bxc5 8. O-O O-O 9. Nc3 Be7 10. Qc2 a6 11. b3 d6 12. Bb2 Nbd7 13. Nd4 Bxg2 14. Kxg2 Qc7 15. e4 Qb7 16. Qe2 Rfe8 17. f3 Rac8 18. Rfd1 Bf8 19. Rd2 Ne5 20. Nc2 Rc7 21. Rad1 h6 22. Ne3 Rec8 23. a4 Nfd7 24. f4 Nc6 25. Ba3 Na5 26. Bxd6 Nxb3 27. Rb2 Bxd6 28. Rxd6 Na5 29. Rbd2 Nf6 30. Rd8+ Kh7 31. Rxc8 Rxc8 32. Qd3 Nb3 33. Rb2 Nc5 34. Qd4 Rc7 35. Nf1 Qc6 36. Kg1 Rd7 37. Qe3 Rd3 38. Qe1 Rxc3 39. Qxc3 Nxa4 40. Qc2 Nxb2 41. e5+ Ne4 42. Qxb2 Qc5+ 43. Kg2 Qxc4 44. Qxb6 Qe2+ 45. Kg1 a5 46. Qb1 g6 47. Qb6 a4 48. Qe3 Qxe3+ 49. Nxe3 a3 50. Nc2 a2 51. Na1 g5 52. Kg2 gxf4 53. gxf4 Kg6 54. Kf3 Nc3 55. Kg4 Nd5 0-1

[Event "Eurasia Open Cup 2019"]
[Site "Ekaterinburg"]
[Date "2019.08.07"]
[Round "7.33"]
[White "Bublei, Pavel"]
[Black "Krasikov, Vladislav"]
[Result "1-0"]
[ECO "E80"]
[WhiteElo "2353"]
[BlackElo "2211"]
[Annotator "NA"]
[PlyCount "49"]
[EventDate "2019.07.31"]
[EventType "swiss"]
[EventCountry "RUS"]
[SourceTitle "playchess.com"]
[Source "ChessBase"]
[SourceQuality "1"]
[TimeControl "5400+30"]

1. d4 Nf6 2. c4 g6 3. Nc3 Bg7 4. e4 d6 5. f3 e5 6. d5 Nh5 7. g3 O-O 8. Be3 f5 9. exf5 gxf5 10. Qd2 Nd7 11. O-O-O a6 12. Nh3 Ndf6 13. Ng5 Qe8 14. Bd3 c6 15. Bc2 Kh8 16. Ne6 Bxe6 17. dxe6 d5 18. cxd5 cxd5 19. Nxd5 Qxe6 20. Kb1 Rad8 21. Nc7 Qc8 22. Qa5 Rxd1+ 23. Rxd1 Rd8 24. Rxd8+ Qxd8 25. Qxe5 1-0

[Event "Eurasia Open Cup 2019"]
[Site "Ekaterinburg"]
[Date "2019.08.07"]
[Round "7.34"]
[White "Kavyev, Ruslan"]
[Black "Inozemtsev, Sergei"]
[Result "1-0"]
[ECO "A01"]
[WhiteElo "2167"]
[BlackElo "2295"]
[Annotator "NA"]
[PlyCount "90"]
[EventDate "2019.07.31"]
[EventType "swiss"]
[EventCountry "RUS"]
[SourceTitle "playchess.com"]
[Source "ChessBase"]
[SourceQuality "1"]
[TimeControl "5400+30"]

1. b3 Nf6 2. Bb2 e6 3. g3 c5 4. Bg2 Be7 5. Nf3 O-O 6. O-O a6 7. c4 b6 8. Qc2 Ra7 9. d4 cxd4 10. Nxd4 Bb7 11. e4 d6 12. Nc3 Nbd7 13. Rad1 Qb8 14. Qe2 Re8 15. f4 e5 16. Nf5 exf4 17. Nxe7+ Rxe7 18. Rxf4 Ne8 19. Qc2 b5 20. Nd5 Bxd5 21. exd5 Rc7 22. Rh4 Nf8 23. Rc1 Ng6 24. Re4 bxc4 25. Rxc4 Ne5 26. Rxc7 Rxc7 27. Qe2 Qb6+ 28. Kh1 Rxc1+ 29. Bxc1 Nf6 30. Be3 Qa5 31. Bd4 Nfd7 32. h3 g6 33. Qc2 h5 34. Bf2 Nf6 35. Kh2 Kh7 36. Qe2 Nxd5 37. Be1 Qc5 38. Bf2 Qa5 39. a4 Ne7 40. Be1 Qb6 41. b4 Nf5 42. Bc3 Qc7 43. Bb2 Qb6 44. Bc3 Qc7 45. Bb2 Qb6 1-0

[Event "Eurasia Open Cup 2019"]
[Site "Ekaterinburg"]
[Date "2019.08.07"]
[Round "7.35"]
[White "Matsenko, Andrei"]
[Black "Khmelev, Mikhail"]
[Result "1/2-1/2"]
[ECO "B23"]
[WhiteElo "2293"]
[BlackElo "2013"]
[Annotator "NA"]
[PlyCount "67"]
[EventDate "2019.07.31"]
[EventType "swiss"]
[EventCountry "RUS"]
[SourceTitle "playchess.com"]
[Source "ChessBase"]
[SourceQuality "1"]
[TimeControl "5400+30"]

1. e4 c5 2. Nc3 a6 3. g3 b5 4. Bg2 Bb7 5. d3 e6 6. Nge2 d6 7. O-O Nd7 8. a4 b4 9. Nb1 a5 10. Nd2 Qc7 11. b3 Ngf6 12. Bb2 Be7 13. Re1 O-O 14. h3 d5 15. exd5 Nxd5 16. Nc4 Bf6 17. Bxf6 N5xf6 18. Bxb7 Qxb7 19. Nf4 Nb6 20. Nxb6 Qxb6 21. Qf3 Rad8 22. g4 Nd5 23. Nxd5 Rxd5 24. Re3 Qd6 25. Rae1 Rd8 26. Qg3 Qxg3+ 27. Rxg3 g5 28. Rge3 Kg7 29. Kg2 Rd4 30. Re5 R4d5 31. R5e4 Rd4 32. Re5 R4d5 33. R5e4 Rd4 34. Re5 1/2-1/2

[Event "Eurasia Open Cup 2019"]
[Site "Ekaterinburg"]
[Date "2019.08.07"]
[Round "7.36"]
[White "Ufimtsev, Egor"]
[Black "Semenova, Elena"]
[Result "0-1"]
[ECO "A18"]
[WhiteElo "2148"]
[BlackElo "2286"]
[Annotator "NA"]
[PlyCount "98"]
[EventDate "2019.07.31"]
[EventType "swiss"]
[EventCountry "RUS"]
[SourceTitle "playchess.com"]
[Source "ChessBase"]
[SourceQuality "1"]
[TimeControl "5400+30"]

1. c4 Nf6 2. Nc3 e6 3. e4 d5 4. cxd5 exd5 5. e5 Ne4 6. Nf3 c5 7. Nxe4 dxe4 8. Qa4+ Nc6 9. Qxe4 Be6 10. Bc4 Bxc4 11. Qxc4 Qd7 12. O-O Be7 13. b3 g5 14. Bb2 Rg8 15. Rfe1 Qe6 16. Qxe6 fxe6 17. h3 h5 18. Re4 O-O-O 19. g4 Rgf8 20. Kg2 Nb4 21. d4 Nd3 22. Bc1 Rf7 23. Bxg5 hxg4 24. hxg4 Bxg5 25. Nxg5 Rxf2+ 26. Kg3 Rd2 27. Nxe6 Rh8 28. Nxc5 Nf2 29. Ree1 Rh3+ 30. Kf4 b6 31. e6 Rxd4+ 32. Ne4 Nd3+ 33. Kg5 Rd5+ 34. Kg6 Nf4+ 35. Kf7 Rh7+ 36. Kg8 Re7 37. Rad1 Nd3 38. Rf1 Rxe6 39. Rf8+ Kb7 40. Nf6 Rg5+ 41. Kh7 Re3 42. Kh6 Ra5 43. g5 Rh3+ 44. Nh5 Rxa2 45. g6 Ra5 46. g7 Rhxh5+ 47. Kg6 Rag5+ 48. Kf6 Rf5+ 49. Kg6 Nf4# 0-1

[Event "Eurasia Open Cup 2019"]
[Site "Ekaterinburg"]
[Date "2019.08.07"]
[Round "7.37"]
[White "Voinikonis, Nikita"]
[Black "Pogorelskikh, Sergey"]
[Result "1/2-1/2"]
[ECO "B18"]
[WhiteElo "2137"]
[BlackElo "2284"]
[Annotator "NA"]
[PlyCount "82"]
[EventDate "2019.07.31"]
[EventType "swiss"]
[EventCountry "RUS"]
[SourceTitle "playchess.com"]
[Source "ChessBase"]
[SourceQuality "1"]
[TimeControl "5400+30"]

1. e4 c6 2. d4 d5 3. Nd2 dxe4 4. Nxe4 Bf5 5. Ng3 Bg6 6. Nf3 Nd7 7. Bd3 Bxd3 8. Qxd3 Ngf6 9. O-O e6 10. c4 Bd6 11. b3 O-O 12. Bb2 Qa5 13. a3 b5 14. c5 Bxg3 15. fxg3 Qd8 16. Qc2 Re8 17. Rae1 Nf8 18. g4 Nxg4 19. Qe4 Nf6 20. Qxc6 Qd5 21. Qxd5 Nxd5 22. Ng5 Nf6 23. d5 exd5 24. Rxe8 Rxe8 25. Bxf6 gxf6 26. Rxf6 Nd7 27. Rd6 Nxc5 28. Rxd5 Nxb3 29. Rxb5 Nd4 30. Rb7 Re1+ 31. Kf2 Re2+ 32. Kg3 Re3+ 33. Kf4 Rxa3 34. Nxf7 Ra6 35. Ng5 Rf6+ 36. Ke4 h6 37. Kxd4 hxg5 38. Rxa7 Rf2 39. Ra3 Rxg2 40. Rg3 Rxh2 41. Rxg5+ Kf7 1/2-1/2

[Event "Eurasia Open Cup 2019"]
[Site "Ekaterinburg"]
[Date "2019.08.07"]
[Round "7.38"]
[White "Zhukov, Ivan"]
[Black "Mamatov, Melis"]
[Result "0-1"]
[ECO "B92"]
[WhiteElo "2136"]
[BlackElo "2269"]
[Annotator "NA"]
[PlyCount "102"]
[EventDate "2019.07.31"]
[EventType "swiss"]
[EventCountry "RUS"]
[SourceTitle "playchess.com"]
[Source "ChessBase"]
[SourceQuality "1"]
[TimeControl "5400+30"]

1. e4 c5 2. Nf3 d6 3. d4 cxd4 4. Nxd4 Nf6 5. Nc3 a6 6. Be3 e5 7. Nb3 Be6 8. Be2 Be7 9. Qd2 b5 10. f3 Nbd7 11. O-O Nb6 12. Na5 Qc7 13. a4 d5 14. Bxb5+ Kf8 15. Bc6 d4 16. Bh6 Rg8 17. Ne2 gxh6 18. Bxa8 Nxa8 19. Nb3 Nb6 20. Qa5 Qxc2 21. Qxb6 Qxb3 22. Qxb3 Bxb3 23. Rfc1 d3 24. Nc3 Bc5+ 25. Kf1 d2 26. Rd1 Bc4+ 27. Ne2 Bxe2+ 28. Kxe2 Rxg2+ 29. Kd3 Nh5 30. Rxd2 Nf4+ 31. Kc2 Ne2 32. Kd3 Nf4+ 33. Kc2 Rg6 34. Rad1 Bd4 35. Kb1 Rb6 36. Ka2 h5 37. Rb1 Rb4 38. b3 h4 39. Rc1 Ne6 40. Rc6 a5 41. Ra6 Nc5 42. Rxa5 Nxb3 43. Ra8+ Ke7 44. Rc2 Nc5 45. Rg2 h3 46. Rgg8 Rb2+ 47. Ka3 Rxh2 48. Rh8 Rh1 49. Rxh7 Bc3 50. Ra7+ Ke6 51. Rh6+ f6 0-1

[Event "Eurasia Open Cup 2019"]
[Site "Ekaterinburg"]
[Date "2019.08.07"]
[Round "7.39"]
[White "Tsybikov, Tumen"]
[Black "Trukhin, Dmitry"]
[Result "1-0"]
[ECO "B90"]
[WhiteElo "2281"]
[BlackElo "1976"]
[Annotator "NA"]
[PlyCount "99"]
[EventDate "2019.07.31"]
[EventType "swiss"]
[EventCountry "RUS"]
[SourceTitle "playchess.com"]
[Source "ChessBase"]
[SourceQuality "1"]
[TimeControl "5400+30"]

1. e4 c5 2. Nf3 d6 3. d4 cxd4 4. Nxd4 Nf6 5. Nc3 a6 6. h3 e5 7. Nde2 h5 8. Bg5 Be6 9. Bxf6 Qxf6 10. Nd5 Qd8 11. Qd3 Nd7 12. O-O-O Nc5 13. Qf3 b5 14. Kb1 Rb8 15. Nc1 Bxd5 16. Rxd5 Ne6 17. h4 Qc7 18. Nb3 Rc8 19. c3 Qb6 20. g3 Be7 21. Bh3 Rc6 22. Bxe6 fxe6 23. Rdd1 g6 24. Qe2 Rf8 25. Rhf1 Kd7 26. f4 b4 27. c4 Kc7 28. fxe5 Rxf1 29. Qxf1 Kb7 30. Qf7 Qc7 31. Qxg6 dxe5 32. Qxh5 Rd6 33. Rxd6 Qxd6 34. Kc2 Qc7 35. Qf7 Qxc4+ 36. Kd2 Qc7 37. Qxe6 Kb8 38. Qxa6 Qd7+ 39. Qd3 Qh3 40. Na5 Kc7 41. Kc2 Bc5 42. Qd5 Bd4 43. Qf7+ Kb6 44. Nc4+ Kc6 45. Nxe5+ Kb6 46. Qf6+ Ka5 47. Nc4+ Kb5 48. Qxd4 Qg2+ 49. Nd2 b3+ 50. axb3 1-0

[Event "Eurasia Open Cup 2019"]
[Site "Ekaterinburg"]
[Date "2019.08.07"]
[Round "7.40"]
[White "Grebnev, Aleksey"]
[Black "Klukin, Kirill"]
[Result "0-1"]
[ECO "A45"]
[WhiteElo "2093"]
[BlackElo "2325"]
[Annotator "NA"]
[PlyCount "58"]
[EventDate "2019.07.31"]
[EventType "swiss"]
[EventCountry "RUS"]
[SourceTitle "playchess.com"]
[Source "ChessBase"]
[SourceQuality "1"]
[TimeControl "5400+30"]

1. d4 Nf6 2. Bf4 c5 3. e3 Qb6 4. b3 e6 5. Nf3 Nc6 6. c3 Nh5 7. Bg5 h6 8. Bh4 g5 9. Nfd2 Ng7 10. Bg3 cxd4 11. exd4 Nf5 12. Bd3 Nxg3 13. hxg3 d5 14. Nf3 Bg7 15. O-O Bd7 16. Nbd2 O-O-O 17. a4 Kb8 18. b4 g4 19. Nh2 e5 20. dxe5 Nxe5 21. Be2 h5 22. Nb3 h4 23. Nc5 hxg3 24. fxg3 f5 25. Qd2 Bc8 26. Rfe1 d4 27. a5 Qc7 28. Nf1 dxc3 29. Qc2 Nc6 0-1

[Event "Eurasia Open Cup 2019"]
[Site "Ekaterinburg"]
[Date "2019.08.07"]
[Round "7.41"]
[White "Abramov, Ilya"]
[Black "Pozin, Sergey"]
[Result "0-1"]
[ECO "E71"]
[WhiteElo "2065"]
[BlackElo "2299"]
[Annotator "NA"]
[PlyCount "54"]
[EventDate "2019.07.31"]
[EventType "swiss"]
[EventCountry "RUS"]
[SourceTitle "playchess.com"]
[Source "ChessBase"]
[SourceQuality "1"]
[TimeControl "5400+30"]

1. d4 Nf6 2. c4 g6 3. Nc3 Bg7 4. e4 O-O 5. h3 c5 6. d5 d6 7. Bg5 e6 8. Bd3 exd5 9. exd5 Re8+ 10. Kf1 h6 11. Bd2 a6 12. a4 Nbd7 13. Nf3 Ne5 14. Nxe5 dxe5 15. Be3 b6 16. g4 e4 17. Be2 Nd7 18. Qd2 Qh4 19. Kg2 f5 20. gxf5 Ne5 21. a5 Nf3 22. Qd1 Bxf5 23. axb6 Bd4 24. Na4 Re5 25. Qc1 Bd7 26. Bd1 Rg5+ 27. Kf1 Qxh3+ 0-1

[Event "Eurasia Open Cup 2019"]
[Site "Ekaterinburg"]
[Date "2019.08.07"]
[Round "7.42"]
[White "Protopopova, Anastasiya"]
[Black "Chekletsov, Egor"]
[Result "1-0"]
[ECO "E08"]
[WhiteElo "2272"]
[BlackElo "2088"]
[Annotator "NA"]
[PlyCount "73"]
[EventDate "2019.07.31"]
[EventType "swiss"]
[EventCountry "RUS"]
[SourceTitle "playchess.com"]
[Source "ChessBase"]
[SourceQuality "1"]
[TimeControl "5400+30"]

1. d4 Nf6 2. c4 e6 3. g3 d5 4. Bg2 Bb4+ 5. Bd2 Be7 6. Nf3 c6 7. Qc2 O-O 8. O-O Nbd7 9. Bf4 b6 10. cxd5 cxd5 11. Rc1 Ba6 12. Nc3 Ne8 13. a4 Nd6 14. Bxd6 Bxd6 15. Nb5 Nf6 16. Nd2 Rc8 17. Qb3 Qd7 18. e3 Rxc1+ 19. Rxc1 Rc8 20. Ra1 Bxb5 21. axb5 Bb8 22. Bf1 Ne8 23. Nf3 f6 24. Bh3 Kf7 25. Re1 Nd6 26. Qxd5 exd5 27. Bxd7 Rc2 28. Rb1 Ke7 29. Bc6 Ke6 30. Ne1 Rd2 31. Rc1 g5 32. Rc2 Rd1 33. Kf1 Nc4 34. Ke2 Rb1 35. e4 Nxb2 36. Bxd5+ Ke7 37. Ba2 1-0

[Event "Eurasia Open Cup 2019"]
[Site "Ekaterinburg"]
[Date "2019.08.07"]
[Round "7.43"]
[White "Garifullina, Leya"]
[Black "Lysenko, Maria"]
[Result "1-0"]
[ECO "B30"]
[WhiteElo "2268"]
[BlackElo "2064"]
[Annotator "NA"]
[PlyCount "87"]
[EventDate "2019.07.31"]
[EventType "swiss"]
[EventCountry "RUS"]
[SourceTitle "playchess.com"]
[Source "ChessBase"]
[SourceQuality "1"]
[TimeControl "5400+30"]

1. e4 c5 2. Nf3 Nc6 3. Bb5 e6 4. Bxc6 bxc6 5. b3 d5 6. e5 Ne7 7. O-O Ng6 8. d3 Be7 9. Re1 O-O 10. Bb2 f6 11. Nbd2 fxe5 12. Nxe5 Nxe5 13. Bxe5 Bf6 14. Nf3 Qe7 15. Qe2 Bd7 16. Qe3 Rae8 17. a4 Bc8 18. Qd2 Qd8 19. Qc3 Qb6 20. Qd2 Ba6 21. Rab1 Qd8 22. Qe3 Qe7 23. Rbd1 Rf7 24. h3 Qf8 25. Rd2 Bd8 26. Red1 Bb6 27. c4 Ba5 28. Rc2 Bb6 29. Ra1 d4 30. Qe4 Bd8 31. Bg3 Bc7 32. Ng5 Rf5 33. Bxc7 Rxg5 34. Qxc6 Bc8 35. Bg3 Qf7 36. h4 Rf5 37. Re1 Bb7 38. Qd6 Ba8 39. Rce2 Qb7 40. f3 Qxb3 41. Rxe6 Ref8 42. Re8 Qxd3 43. Qe6+ Kh8 44. Bd6 1-0

[Event "Eurasia Open Cup 2019"]
[Site "Ekaterinburg"]
[Date "2019.08.07"]
[Round "7.44"]
[White "Kolay, Alex"]
[Black "Zharkov, Nikolay"]
[Result "1/2-1/2"]
[ECO "A42"]
[WhiteElo "2229"]
[BlackElo "2067"]
[Annotator "NA"]
[PlyCount "95"]
[EventDate "2019.07.31"]
[EventType "swiss"]
[EventCountry "RUS"]
[SourceTitle "playchess.com"]
[Source "ChessBase"]
[SourceQuality "1"]
[TimeControl "5400+30"]

1. d4 g6 2. c4 Bg7 3. Nc3 d6 4. e4 e5 5. Nf3 exd4 6. Nxd4 Ne7 7. Be3 Nbc6 8. h4 h6 9. Qd2 f5 10. Nxc6 Nxc6 11. O-O-O fxe4 12. Nxe4 Be6 13. Nc3 Qd7 14. Nd5 O-O-O 15. Kb1 Kb8 16. Be2 Rde8 17. Rhe1 Qf7 18. Ka1 Bc8 19. Qc2 b6 20. Bd3 Ne5 21. Be4 Bf5 22. Bxf5 gxf5 23. Bd4 Nc6 24. Bxg7 Qxg7 25. g3 Re5 26. Re3 Rhe8 27. a3 Re4 28. Rde1 Qd4 29. Rxe4 Rxe4 30. Rxe4 fxe4 31. Nc3 e3 32. fxe3 Qxe3 33. Qe4 Qxe4 34. Nxe4 Ne5 35. b3 Ng4 36. Kb2 Kc8 37. Kc3 Kd7 38. Kd4 Ke6 39. Nc3 c6 40. Ne2 Kf5 41. Nc3 Nf6 42. Nd1 Ng4 43. Nc3 h5 44. Ne4 Ke6 45. Ng5+ Kf6 46. Ne4+ Ke7 47. Nc3 Kf6 48. Ke4 1/2-1/2

[Event "Eurasia Open Cup 2019"]
[Site "Ekaterinburg"]
[Date "2019.08.07"]
[Round "7.45"]
[White "Kharitonov, Egor"]
[Black "Navrodskiy, Boris"]
[Result "0-1"]
[ECO "E04"]
[WhiteElo "2387"]
[BlackElo "2223"]
[Annotator "NA"]
[PlyCount "114"]
[EventDate "2019.07.31"]
[EventType "swiss"]
[EventCountry "RUS"]
[SourceTitle "playchess.com"]
[Source "ChessBase"]
[SourceQuality "1"]
[TimeControl "5400+30"]

1. d4 d5 2. c4 e6 3. Nf3 Nf6 4. g3 dxc4 5. Bg2 Nc6 6. Qa4 Bb4+ 7. Bd2 Nd5 8. Bxb4 Ndxb4 9. O-O Rb8 10. Na3 O-O 11. Qb5 b6 12. Qxc4 Ba6 13. Nb5 Qd5 14. Qxd5 Nxd5 15. a4 Na5 16. Ne5 Rfd8 17. b4 Nxb4 18. Rab1 Bxb5 19. axb5 Nd5 20. Rfc1 Rbc8 21. e3 c5 22. dxc5 bxc5 23. Nc4 Nxc4 24. Rxc4 Nb6 25. Rc3 c4 26. Bf1 Rc5 27. Kg2 Rd2 28. g4 g6 29. Kf3 Kg7 30. e4 g5 31. Ke3 Rd7 32. Be2 Kf6 33. f4 gxf4+ 34. Kxf4 Rd4 35. Ke3 Ke5 36. Bf3 Na4 37. Ra3 c3 38. Rab3 c2 39. Rc1 Nc3 40. Rxc2 Nd5+ 41. exd5 Rxc2 42. dxe6 fxe6 43. b6 axb6 44. Rxb6 Rc3+ 45. Ke2 Rf4 46. Rb5+ Kf6 47. g5+ Kg6 48. Bb7 Rh4 49. Kd2 Ra3 50. Kc1 Kf7 51. h3 Raxh3 52. Rc5 Rg3 53. Rc7+ Kg6 54. Rc6 Kf5 55. Rc5+ e5 56. Bc8+ Kf4 57. Rc4+ Kxg5 0-1

[Event "Eurasia Open Cup 2019"]
[Site "Ekaterinburg"]
[Date "2019.08.08"]
[Round "8.1"]
[White "Kunin, Vitaly"]
[Black "Kokarev, Dmitry"]
[Result "1/2-1/2"]
[ECO "A49"]
[WhiteElo "2527"]
[BlackElo "2607"]
[Annotator "ChessBase"]
[PlyCount "118"]
[EventDate "2019.07.31"]
[EventType "swiss"]
[EventCountry "RUS"]
[SourceTitle "playchess.com"]
[Source "ChessBase"]
[SourceQuality "1"]
[TimeControl "5400+30"]

1. d4 Nf6 2. Nf3 g6 3. g3 Bg7 4. Bg2 c5 5. c3 Na6 6. O-O O-O 7. Nbd2 d5 8. Ne5 cxd4 9. cxd4 Bf5 10. a3 Qb6 11. Nb1 Rac8 12. Nc3 Rfd8 13. Qa4 Nb8 14. Bg5 Qxb2 15. Bxf6 exf6 16. Nxd5 fxe5 17. Ne7+ Kf8 18. Nxc8 Bxc8 19. Qxa7 Nc6 20. Qc5+ Kg8 21. d5 Bf8 22. Qc4 Nd4 23. e3 Qc2 24. Rfc1 Qxc4 25. Rxc4 Nb5 26. a4 Nd6 27. Rb4 f5 28. a5 Kg7 29. h4 e4 30. Bf1 Be7 31. a6 bxa6 32. Bxa6 Bd7 33. Be2 Be8 34. Ra7 Kf6 35. Rb6 Bf7 36. Bb5 Bxd5 37. Rd7 Rxd7 38. Bxd7 Bc4 39. Ba4 Ke5 40. Rb8 h6 41. Bb3 Be2 42. Ra8 g5 43. Ra7 Kf6 44. hxg5+ hxg5 45. Ra2 Bb5 46. Ra7 Bd3 47. Rc7 Bf8 48. Ra7 f4 49. gxf4 gxf4 50. exf4 Bh6 51. Ra4 Kf5 52. f3 exf3 53. Rd4 Be2 54. Rxd6 Bxf4 55. Rd8 Be3+ 56. Kh1 Kg4 57. Rg8+ Kh4 58. Rh8+ Kg3 59. Rg8+ Kf4 1/2-1/2

[Event "Eurasia Open Cup 2019"]
[Site "Ekaterinburg"]
[Date "2019.08.08"]
[Round "8.2"]
[White "Sargsyan, Shant"]
[Black "Pridorozhni, Aleksei"]
[Result "1-0"]
[ECO "E62"]
[WhiteElo "2529"]
[BlackElo "2586"]
[Annotator "ChessBase"]
[PlyCount "69"]
[EventDate "2019.07.31"]
[EventType "swiss"]
[EventCountry "RUS"]
[SourceTitle "playchess.com"]
[Source "ChessBase"]
[SourceQuality "1"]
[TimeControl "5400+30"]

1. d4 Nf6 2. Nf3 g6 3. c4 Bg7 4. g3 O-O 5. Bg2 d6 6. Nc3 c6 7. O-O Qb6 8. c5 dxc5 9. Na4 Qb5 10. Nxc5 Na6 11. a4 Qb6 12. a5 Qb5 13. Nxa6 Qxa6 14. Re1 Be6 15. e4 Rfd8 16. Qc2 Bc4 17. Ne5 Bb5 18. Qb3 e6 19. Qf3 Rf8 20. Bg5 Nh5 21. Be7 Bxe5 22. dxe5 Rfe8 23. Bg5 c5 24. g4 Ng7 25. Qf4 Red8 26. Bxd8 Rxd8 27. Rec1 Qc6 28. Rd1 Rxd1+ 29. Rxd1 Qc7 30. h4 h5 31. gxh5 Nxh5 32. Qg5 Qxa5 33. Bf3 Ng7 34. h5 gxh5 35. Kh1 1-0

[Event "Eurasia Open Cup 2019"]
[Site "Ekaterinburg"]
[Date "2019.08.08"]
[Round "8.3"]
[White "Afanasiev, Nikita"]
[Black "Khusenkhojaev, Muhammad"]
[Result "1-0"]
[ECO "C90"]
[WhiteElo "2514"]
[BlackElo "2441"]
[Annotator "ChessBase"]
[PlyCount "85"]
[EventDate "2019.07.31"]
[EventType "swiss"]
[EventCountry "RUS"]
[SourceTitle "playchess.com"]
[Source "ChessBase"]
[SourceQuality "1"]
[TimeControl "5400+30"]

1. e4 e5 2. Nf3 Nc6 3. Bb5 a6 4. Ba4 Nf6 5. O-O Be7 6. Re1 b5 7. Bb3 d6 8. a4 b4 9. a5 O-O 10. h3 Be6 11. Bxe6 fxe6 12. c3 Rb8 13. d4 bxc3 14. bxc3 Rb5 15. c4 Rxa5 16. Rxa5 Nxa5 17. Qa4 Nb7 18. Qc6 Qb8 19. dxe5 Nd8 20. Qxa6 Nxe4 21. Rxe4 Qxb1 22. Re1 Qg6 23. Qa8 Qc2 24. Be3 dxe5 25. c5 e4 26. Rc1 Qd3 27. Nd2 Qd5 28. Qa4 Nf7 29. Nxe4 Ra8 30. Qc2 Qf5 31. Qb1 Rd8 32. Qb7 Qe5 33. Nd2 Rd7 34. c6 Nd8 35. Qa7 Rd3 36. g3 Qd6 37. Nc4 Rd1+ 38. Kh2 Qd5 39. Rxd1 Qxd1 40. Qxc7 Kf8 41. Qc8 Kf7 42. c7 Nc6 43. Qb7 1-0

[Event "Eurasia Open Cup 2019"]
[Site "Ekaterinburg"]
[Date "2019.08.08"]
[Round "8.4"]
[White "Bocharov, Ivan"]
[Black "Drygalov, Sergey"]
[Result "1/2-1/2"]
[ECO "A11"]
[WhiteElo "2559"]
[BlackElo "2492"]
[Annotator "ChessBase"]
[PlyCount "81"]
[EventDate "2019.07.31"]
[EventType "swiss"]
[EventCountry "RUS"]
[SourceTitle "playchess.com"]
[Source "ChessBase"]
[SourceQuality "1"]
[TimeControl "5400+30"]

1. Nf3 d5 2. e3 Nf6 3. c4 c6 4. Nc3 e6 5. b3 Nbd7 6. Qc2 b6 7. cxd5 exd5 8. Bb2 Bb7 9. d4 Bd6 10. Bd3 O-O 11. O-O Re8 12. Rfe1 Bb4 13. a3 Bxc3 14. Bxc3 Ne4 15. Bb2 h6 16. Ne5 Nxe5 17. dxe5 Nc5 18. Bf5 Qe7 19. Rad1 g6 20. b4 Ne6 21. Bxe6 Qxe6 22. Rd4 c5 23. bxc5 Rac8 24. Rf4 Rxc5 25. Qd1 Rc4 26. Bd4 Qc6 27. h4 Bc8 28. Qf3 Bf5 29. h5 Be4 30. Qg3 Re6 31. f3 Bd3 32. Rd1 Rc1 33. Rxc1 Qxc1+ 34. Kh2 g5 35. Rf6 Qc2 36. Qg4 Rxf6 37. exf6 Bf5 38. Qg3 Kh7 39. Qd6 Qf2 40. Qf8 Qh4+ 41. Kg1 1/2-1/2

[Event "Eurasia Open Cup 2019"]
[Site "Ekaterinburg"]
[Date "2019.08.08"]
[Round "8.5"]
[White "Shubin, Kirill"]
[Black "Moiseenko, Vadim"]
[Result "1/2-1/2"]
[ECO "C78"]
[WhiteElo "2426"]
[BlackElo "2523"]
[Annotator "ChessBase"]
[PlyCount "80"]
[EventDate "2019.07.31"]
[EventType "swiss"]
[EventCountry "RUS"]
[SourceTitle "playchess.com"]
[Source "ChessBase"]
[SourceQuality "1"]
[TimeControl "5400+30"]

1. e4 e5 2. Nf3 Nc6 3. Bb5 a6 4. Ba4 Nf6 5. O-O b5 6. Bb3 Bb7 7. d3 Bc5 8. Nc3 d6 9. a3 h6 10. Nd5 O-O 11. c3 Rb8 12. Be3 Nxd5 13. Bxd5 Bxe3 14. fxe3 Ne7 15. Bxb7 Rxb7 16. Nh4 d5 17. exd5 Qxd5 18. d4 e4 19. g4 Qg5 20. Ng2 f5 21. Qb3+ Kh7 22. Qe6 Qf6 23. gxf5 Nxf5 24. Qxe4 Rbb8 25. Qg4 Qe6 26. Rf4 g5 27. Rf2 Qg6 28. Raf1 h5 29. Qe4 Rbe8 30. Qb1 Ne7 31. Rf7+ Rxf7 32. Rxf7+ Kh6 33. Qf1 Nd5 34. Qf5 Qxf5 35. Rxf5 Nxe3 36. Nxe3 Rxe3 37. Rf6+ Kg7 38. Rxa6 Re2 39. b4 h4 40. Rc6 h3 1/2-1/2

[Event "Eurasia Open Cup 2019"]
[Site "Ekaterinburg"]
[Date "2019.08.08"]
[Round "8.6"]
[White "Drygalov, Andrey"]
[Black "Kabanov, Nikolai"]
[Result "1/2-1/2"]
[ECO "B12"]
[WhiteElo "2494"]
[BlackElo "2450"]
[Annotator "ChessBase"]
[PlyCount "135"]
[EventDate "2019.07.31"]
[EventType "swiss"]
[EventCountry "RUS"]
[SourceTitle "playchess.com"]
[Source "ChessBase"]
[SourceQuality "1"]
[TimeControl "5400+30"]

1. e4 c6 2. d4 d5 3. e5 Bf5 4. Nf3 e6 5. Be2 Nd7 6. O-O Ne7 7. Nbd2 Nc8 8. Nb3 Be7 9. a4 O-O 10. a5 a6 11. Be3 Na7 12. Ne1 Rc8 13. g4 Bg6 14. f4 f5 15. Nd3 Nb5 16. g5 Qc7 17. Bf3 Qb8 18. Qe2 Rfd8 19. c3 Qc7 20. h4 Be8 21. Rfc1 Ra8 22. Ndc5 Bxc5 23. dxc5 Nf8 24. h5 Qe7 25. Kf2 Rd7 26. Rg1 Rad8 27. Bd4 Nxd4 28. cxd4 Rc7 29. Nd2 Bd7 30. Nf1 Bc8 31. Ne3 Qe8 32. Rh1 Kh8 33. Rag1 Qe7 34. Qc2 Kg8 35. Be2 Re8 36. Bd3 Rd8 37. Ke2 Re8 38. Kd2 Qd7 39. Kc3 Kh8 40. Re1 Qd8 41. b4 Rce7 42. Ng2 Kg8 43. Nh4 Qd7 44. Qh2 Qd8 45. Be2 Rc7 46. Qh3 Rce7 47. Ng6 Rc7 48. Rh2 Rf7 49. Nh4 Rfe7 50. Bd3 Rc7 51. Rf2 Rce7 52. Rg1 Qd7 53. Rg3 Rd8 54. Rh2 Rde8 55. Ng6 Rf7 56. Nh4 Rfe7 57. Nf3 Qd8 58. Rh1 Qc7 59. g6 h6 60. Ng5 Kh8 61. Nf7+ Rxf7 62. gxf7 Re7 63. Rhg1 Rxf7 64. Qg2 Qe7 65. Qf2 Bd7 66. Be2 Bc8 67. Bd3 Bd7 68. Be2 1/2-1/2